AoeStats
← Sir bacardi

Arabia

509008232Analyzed
1v1 RM · 9d ago on Sep 25, 2026· 46m 29s· 2 players
Game mode
Random Map
Map size
Tiny (2 player)
Population
200
Speed
Normal
Resources
Standard
Victory
Conquest
Starting age
Dark Age
Ending age
Imperial Age
RankedLock teamsTeams togetherTeam positionsShared explorationLock speedFull tech treeHidden civsTurbo modeCheats
Victory
Defeat
🇨🇱 Franks · Chile
1035
+15
🇨🇴 Danes · Colombia
1015
-15
ElLorenzuwu
6:37 Loom
11:58 Feudal Age
12:25 Double-Bit Axe
13:19 Wheelbarrow
15:30 Horse Collar
18:56 Fletching
19:18 Forging
23:23 Castle Age
22:00 Padded Archer Armor
22:10 Scale Mail Armor
24:20 Crossbowman
24:23 Pikeman
25:04 Squires
25:37 Bodkin Arrow
26:53 Chain Mail Armor
26:56 Town Watch
30:56 Leather Archer Armor
34:15 Iron Casting
33:07 Hamask
34:22 Arson
34:23 Gambesons
34:45 Gold Mining
40:05 Imperial Age
39:06 Elite Skirmisher
42:22 Blast Furnace
Sir bacardi
8:56 Loom
11:38 Feudal Age
15:31 Castle Age
13:39 Double-Bit Axe
15:43 Scale Barding Armor
17:12 Bow Saw
22:52 Forging
24:21 Wheelbarrow
24:21 Chain Barding Armor
25:45 Gold Mining
27:36 Hand Cart
27:11 Town Watch
29:48 Iron Casting
30:17 Gold Shaft Mining
29:33 Stone Mining
30:32 Scale Mail Armor
30:43 Squires
30:30 Arson
31:55 Chain Mail Armor
32:33 Fletching
35:25 Imperial Age
33:22 Padded Archer Armor
33:18 Bodkin Arrow
33:37 Elite Skirmisher
35:28 Leather Archer Armor
36:13 Ballistics
35:36 Cavalier
36:16 Husbandry
38:44 Blast Furnace
38:15 Plate Mail Armor
39:54 Light Cavalry
42:12 Chemistry
43:01 Plate Barding Armor
43:34 Husbandry
Connection lost

Rejoining the realm…

Still unreachable

The connection could not be restored.

Session expired

The server has moved on; the page needs a fresh start.